 Dungeon Crawl Stone Soup version 0.18.1-50-g88ac8fd (webtiles) character file.

8031 magog001 the Protected (level 11, -1/96 (97) HPs)
             Began as a Minotaur Fighter on Jan 12, 2018.
             Slain by a killer bee (6 damage)
             ... on level 9 of the Dungeon on Jan 21, 2018.
             The game lasted 01:03:19 (11197 turns).

magog001 the Protected (Minotaur Fighter)          Turns: 11197, Time: 01:03:20

HP:   -1/96 (97)    AC: 21    Str: 24    XL:     11   Next: 4%
MP:   10/10         EV:  7    Int:  5    God:
Gold: 294           SH:  6    Dex: 12    Spells: 0 memorised, 10 levels left

rFire  . . .     SeeInvis .     w - +4 hand axe (curse)
rCold  + . .     Gourm    .     C - +1 plate armour
rNeg   . . .     Faith    .     z - +0 buckler "Fyem" {rC+} (curse)
rPois  .         Spirit   .     (helmet restricted)
rElec  .         Dismiss  .     (no cloak)
rCorr  .         Reflect  .     d - +2 pair of gloves
SustAt .         Harm     .     r - +1 pair of boots
MR     +....                    (no amulet)
Stlth  ..........               J - ring of protection from magic
                                u - ring of stealth

@: somewhat resistant to hostile enchantments, extremely unstealthy
A: retaliatory headbutt, claws 1, horns 2, thin skeletal structure 1,
deterioration 2, screaming 1
a: no special abilities


You were on level 9 of the Dungeon.
You were very hungry.

You visited 1 branch of the dungeon, and saw 9 of its levels.

You collected 402 gold pieces.
You spent 108 gold pieces at shops.

Inventory:

Hand Weapons
 a - a +0 war axe
 k - a +0 hunting sling
 m - a +0 short sword of venom
 w - a cursed +4 hand axe (weapon)
Missiles
 l - 62 sling bullets
 n - 8 poisoned needles
 x - 14 tomahawks (quivered)
 F - 11 javelins
Armour
 c - a +0 shield
 d - a +2 pair of gloves (worn)
 r - a +1 pair of boots (worn)
 z - the cursed +0 buckler "Fyem" (worn) {rC+}
   (You found it on level 8 of the Dungeon)

   It protects you from cold.
   It has a curse placed upon it.
 C - a +1 plate armour (worn)
Jewellery
 u - a ring of stealth (left hand)
 I - a +4 ring of dexterity
 J - a ring of protection from magic (right hand)
Wands
 i - a wand of flame (14/48)
 y - a wand of slowing (18/48)
 A - a wand of digging (20/24)
 B - a wand of flame (23/48)
 D - a wand of flame (25/48)
 G - a wand of lightning (6/15)
Scrolls
 e - 2 scrolls of magic mapping
 f - 3 scrolls of teleportation
 j - 2 scrolls of immolation
 s - a scroll of blinking
 v - a scroll of fog {unknown}
 E - 2 scrolls of recharging
 H - a scroll of identify
Comestibles
 b - 8 chunks of flesh
 g - 4 bread rations
 o - 7 fruits
 p - a meat ration
 q - 8 slices of pizza
 t - 2 beef jerkies


   Skills:
 + Level 9.3 Fighting
 - Level 5.0 Short Blades
 * Level 10.4 Axes
 + Level 2.4(2.5) Slings
 - Level 1.0(1.7) Throwing
 + Level 10.6 Armour
 + Level 1.1 Stealth
 + Level 10.3 Shields
 - Level 0.3 Evocations


You had 10 spell levels left.
You didn't know any spells.

Dungeon Overview and Level Annotations

Branches:
Dungeon (9/15)             Temple (0/1) D:6            Lair (0/8) D:9
    Orc: D:9-12

Altars:
Fedhas
Kikubaaqudgha
Qazlal

Shops:
D:5 *   D:6 (


Innate Abilities, Weirdness & Mutations

You reflexively headbutt those who attack you in melee.
You have a pair of horns on your head.
You have sharp fingernails.
You have a somewhat thin skeletal structure (Dex +2, Stealth).
Your body often deteriorates upon taking damage.
You occasionally shout uncontrollably at your foes.


Message History

Evoke which item? (* to show all) (? for menu, Esc to quit)
Zapping:
i - a wand of flame (15/48)
Press: ? - help, Shift-Dir - straight line, f - killer bee
Aim: a killer bee The puff of flame misses the killer bee.
This wand has 14 charges left.
You block the killer bee's attack.
The killer bee stings you but does no damage. x3
Evoke which item? (* to show all) (? for menu, Esc to quit)
Zapping:
A - a wand of digging (21/24)
Press: ? - help, Shift-Dir - straight line, p - killer bee The rock shatters into small pieces.
This wand has 20 charges left.
The killer bee stings you but does no damage.
You block the killer bee's attack. x2
The killer bee stings you but does no damage.
You feel sick.
You are no longer poisoned.
The killer bee barely misses you. The killer bee closely misses you.
The killer bee stings you but does no damage.
The killer bee stings you.
You die...

..PPP..#.'........#
.P.....#.#........+
P........#........#
....######........#
....# #........#
....# #####'####
....# #.# #####
###†######
#yOyy@...+
#'######.# %...
%....y. #....y...
#a.%.y.y.#
#.%...y..#
#...Oy...#


You could see an ogre and 3 killer bees.

Vanquished Creatures
  Pikel (D:8)
  The ghost of magog001 the Shield-Bearer, a novice MiFi (D:5)
  2 centaur skeletons
  The ghost of Grimoiregrey the Shield-Bearer, an amateur HOFi (D:4)
  A queen bee (D:9)
  Grinder (D:3)
  Prince Ribbit (D:6)
  A human (D:8)
  A yak (D:9)
  A hippogriff (D:7)
  Edmund (D:4)
  A water moccasin (D:8)
  Duvessa (D:7)
  3 sky beasts
  3 slaves (D:8)
  3 orc warriors
  2 ice beasts (D:7)
  4 ogres
  2 phantoms
  3 centaurs
  A necrophage (D:7)
  4 crocodiles (D:9)
  Blork the orc (D:4)
  3 giant frogs
  A jelly (D:8)
  5 scorpions
  Dowan (D:7)
  22 killer bees (D:9)
  9 wights
  A howler monkey (D:5)
  6 crimson imps
  A centaur zombie (D:7)
  A giant frog zombie (D:6)
  A quasit (D:8)
  4 orc wizards
  A giant frog skeleton (D:5)
  An orc priest (D:9)
  A hound (D:4)
  4 iguanas
  Natasha (thrice) (D:2)
  10 worker ants
  A hound zombie (D:7)
  3 hound skeletons
  Robin (D:2)
  11 gnolls
  3 river rats (D:9)
  16 adders
  2 shadow imps
  4 oozes
  3 worms
  4 giant geckos
  18 orcs
  15 bats
  7 giant cockroaches
  4 goblins
  13 hobgoblins
  12 jackals
  10 kobolds
  6 quokkas
  3 ball pythons
  A giant gecko skeleton (D:4)
  7 giant newts
  12 rats
  A fungus (D:9)
  3 plants (D:9)
275 creatures vanquished.

Vanquished Creatures (collateral kills)
  A necrophage (D:8)
  An orc wizard (D:8)
2 creatures vanquished.

Vanquished Creatures (others)
  A slave (D:8)
  A human (D:2)
  2 fungi (D:9)
  A plant (D:9)
5 creatures vanquished.

Grand Total: 282 creatures vanquished

Notes
Turn   | Place    | Note
--------------------------------------------------------------
     0 | D:1      | magog001 the Minotaur Fighter began the quest for the Orb.
     0 | D:1      | Reached XP level 1. HP: 19/19 MP: 0/0
   318 | D:1      | Reached XP level 2. HP: 27/27 MP: 1/1
   326 | D:1      | You fall through a shaft!
  1126 | D:1      | Reached XP level 3. HP: 32/33 MP: 2/2
  1298 | D:2      | Noticed Natasha
  1310 | D:2      | Killed Natasha
  1311 | D:2      | Reached XP level 4. HP: 19/40 MP: 3/3
  1615 | D:2      | Noticed Robin
  1623 | D:2      | Noticed Natasha
  1626 | D:2      | Killed Natasha
  1626 | D:2      | Killed Robin
  1837 | D:2      | Reached XP level 5. HP: 28/47 MP: 4/4
  1903 | D:2      | Noticed Natasha
  2064 | D:2      | Killed Natasha
  2064 | D:2      | Reached skill level 5 in Shields
  2475 | D:2      | Found an ancient bone altar of Kikubaaqudgha.
  2476 | D:2      | Noticed a human
  2478 | D:2      | Killed a human
  2576 | D:3      | Reached skill level 5 in Armour
  2605 | D:3      | Noticed Grinder
  2610 | D:3      | Paralysed by Grinder for 3 turns
  2633 | D:3      | Paralysed by Grinder for 7 turns
  2642 | D:3      | Killed Grinder
  2642 | D:3      | Reached skill level 5 in Fighting
  2642 | D:3      | Reached skill level 1 in Slings
  2642 | D:3      | Reached XP level 6. HP: 56/56 MP: 5/5
  3408 | D:3      | Found a blossoming altar of Fedhas.
  3530 | D:3      | Reached XP level 7. HP: 42/61 MP: 6/6
  3652 | D:3      | Reached skill level 1 in Short Blades
  3762 | D:4      | Reached skill level 1 in Throwing
  3776 | D:4      | Noticed Blork the orc
  3785 | D:4      | Noticed Edmund
  3813 | D:4      | Killed Edmund
  3817 | D:4      | Killed Blork the orc
  3916 | D:4      | Noticed Grimoiregrey's ghost (amateur HOFi)
  3958 | D:5      | Entered Level 5 of the Dungeon
  4402 | D:5      | Found a stormy altar of Qazlal.
  4406 | D:5      | Noticed magog001's ghost (novice MiFi)
  4800 | D:7      | Reached XP level 8. HP: 34/70 MP: 7/7
  5074 | D:6      | Found a staircase to the Ecumenical Temple.
  5258 | D:6      | Noticed Prince Ribbit
  5280 | D:6      | Killed Prince Ribbit
  5685 | D:5      | Killed magog001's ghost
  5685 | D:5      | Reached skill level 5 in Short Blades
  5685 | D:5      | Reached XP level 9. HP: 31/78 MP: 8/8
  5712 | D:5      | Found Gaykitug's Assorted Antiques.
  5720 | D:5      | Bought a glowing red potion for 18 gold pieces
  5720 | D:5      | Bought a scroll labeled SAETRUEDAM for 20 gold pieces
  5720 | D:5      | Bought a scroll of magic mapping for 70 gold pieces
  6063 | D:5      | Reached skill level 5 in Axes
  7280 | D:4      | Killed Grimoiregrey's ghost
  7859 | D:6      | Found Emerph's Weapon Shoppe.
  8116 | D:7      | Found a stormy altar of Qazlal.
  8239 | D:7      | Noticed Dowan
  8239 | D:7      | Noticed Duvessa
  8257 | D:7      | Killed Dowan
  8399 | D:7      | Killed Duvessa
  8727 | D:7      | Reached skill level 1 in Stealth
  9133 | D:8      | Noticed Pikel
  9143 | D:7      | Reached XP level 10. HP: 79/85 MP: 9/9
  9176 | D:7      | Gained mutation: Your body sometimes deteriorates upon taking damage. [mutagenic meat]
  9177 | D:7      | Gained mutation: You expend magic power (3 MP) to strengthen your wands. [mutagenic meat]
  9178 | D:7      | Gained mutation: You have sharp fingernails. [mutagenic meat]
  9179 | D:7      | Gained mutation: Your body often deteriorates upon taking damage. [mutagenic meat]
  9180 | D:7      | Gained mutation: You occasionally shout uncontrollably at your foes. [mutagenic meat]
  9181 | D:7      | Gained mutation: You have a somewhat thin skeletal structure (Dex +2, Stealth). [mutagenic meat]
  9194 | D:7      | Lost mutation: You expend magic power (3 MP) to strengthen your wands. [potion of mutation]
  9409 | D:8      | Reached skill level 10 in Armour
  9810 | D:8      | Got a twisted buckler
  9821 | D:8      | Identified the cursed +0 buckler "Fyem" {rC+} (You found it on level 8 of the Dungeon)
  9863 | D:8      | Killed Pikel
 10626 | D:9      | Reached skill level 10 in Shields
 11044 | D:9      | Found a staircase to the Lair.
 11054 | D:9      | Reached skill level 10 in Axes
 11169 | D:9      | Reached XP level 11. HP: 30/96 MP: 10/10
 11186 | D:9      | HP: 7/144 [killer bee (2)]
 11197 | D:9      | Slain by a killer bee

Skill      XL: |  1  2  3  4  5  6  7  8  9 10 |
---------------+-------------------------------+-----
Fighting       | 4 5 6 7 9 |  9.3
Armour         | 4 5 6 8 9 10 | 10.6
Shields        | 4 5 6 8 9 10 | 10.3
Axes           | 3 4 7 10 | 10.4
Slings         | 1 2 |  2.4
Short Blades   | 3 5 |  5.0
Throwing       | 1 |  1.0
Stealth        | 1 |  1.1
Evocations     | |  0.3

Action                   |  1- 3 |  4- 6 |  7- 9 | 10-12 || total
-------------------------+-------+-------+-------+-------++-------
Melee: War axe           |    68 |    89 |       |       ||   157
       Headbutt          |     7 |    27 |    87 |    51 ||   172
       Short sword       |       |    59 |   158 |       ||   217
       Hand axe          |       |       |   309 |   341 ||   650
 Fire: Hunting sling     |       |    11 |     8 |       ||    19
Throw: Tomahawk          |       |     5 |     3 |    15 ||    23
       Javelin           |       |       |       |     2 ||     2
Evoke: Wand              |       |       |     7 |     3 ||    10
  Use: Scroll            |     2 |     3 |    13 |     4 ||    22
       Potion            |     2 |     2 |     4 |    10 ||    18
  Eat: Bread ration      |     1 |       |     1 |       ||     2
       Chunk             |       |     4 |     9 |     9 ||    22
       Pizza             |       |       |     1 |       ||     1
       Fruit             |       |       |     2 |       ||     2
       Meat ration       |       |       |     1 |       ||     1
Armor: Scale mail        |    23 |    47 |       |       ||    70
       Skin              |     2 |     3 |     6 |   123 ||   134
       Chain mail        |       |    27 |    27 |       ||    54
       Plate armour      |       |       |   198 |   161 ||   359
       Robe              |       |       |     2 |       ||     2
Dodge: Dodged            |    21 |    49 |    82 |    73 ||   225
Block: Shield            |    40 |    87 |   256 |    42 ||   425
       Buckler           |       |       |       |   102 ||   102
